 Dungeon Crawl Stone Soup version 0.22.0-60-ga52c2fc (webtiles) character file.

95 Felrender the Chopper (level 4, 0/34 HPs)
             Began as a Demonspawn Gladiator on Sept 5, 2018.
             Succumbed to an orc wizard's poison
             ... on level 3 of the Dungeon on Sept 11, 2018.
             The game lasted 00:13:09 (2059 turns).

Felrender the Chopper (Demonspawn Gladiator)        Turns: 2059, Time: 00:13:10

Health: 0/34       AC:  7    Str: 18    XL:     4   Next: 40%
Magic:  4/4        EV: 11    Int:  9    God:
Gold:   60         SH:  0    Dex: 14    Spells: 3/3 levels left

rFire    . . .     SeeInvis +   a - +1 war axe
rCold    . . .     Gourm    .   (no shield)
rNeg     . . .     Faith    .   b - +0 scale mail
rPois    .         Spirit   .   c - +0 helmet
rElec    .         Reflect  .   (no cloak)
rCorr    .         Harm     .   (no gloves)
MR       .....     Clarity  +   (no boots)
Stlth    ..........             (no amulet)
HPRegen  0.11/turn              k - ring of see invisible
MPRegen  0.09/turn              (no ring)

@: lethally poisoned (0 -> -26), hasted, very quick
A: hooves 1, clarity, strong 1, MP-powered wands
a: no special abilities


You were on level 3 of the Dungeon.
You were not hungry.

You visited 1 branch of the dungeon, and saw 3 of its levels.

You collected 60 gold pieces.

Inventory:

Hand Weapons
 a - a +1 war axe (weapon)
 e - a +0 dagger
 n - a +0 spear
 p - a +2 dagger of venom
Missiles
 d - 3 throwing nets (quivered)
 h - 72 arrows
 i - 17 poisoned needles
 m - 14 sling bullets
Armour
 b - a +0 scale mail (worn)
 c - a +0 helmet (worn)
Jewellery
 k - a ring of see invisible (left hand)
 q - an uncursed amulet of faith {unknown}
Scrolls
 l - 2 scrolls of teleportation
Potions
 g - a potion of mutation
Comestibles
 f - 2 rations
 o - a chunk of flesh


   Skills:
 + Level 2.6 Fighting
 + Level 3.8 Axes
 + Level 2.0 Throwing
 + Level 1.1 Armour
 + Level 3.0 Dodging


You had 3 spell levels left.
You didn't know any spells.
Your spell library was empty.

Dungeon Overview and Level Annotations

Branches:
Dungeon (3/15)

Altars:


Innate Abilities, Weirdness & Mutations

You have large cloven feet.
You possess an exceptional clarity of mind.
Your muscles are strong. (Str +2)
You expend magic power (3 MP) to strengthen your wands.


Message History

The orc wizard is almost dead.
* * * LOW HITPOINT WARNING * * *
You feel sick. The orc wizard closely misses you.
You barely miss the orc wizard.
You kick the orc wizard, but do no damage.
The orc wizard is almost dead.
* * * LOW HITPOINT WARNING * * *
You feel sick.
The orc wizard hits you but does no damage.
You are more poisoned.
You closely miss the orc wizard. Your kick misses the orc wizard.
The orc wizard is almost dead.
* * * LOW HITPOINT WARNING * * *
You feel sick.
The orc wizard casts a cantrip, but nothing happens.
You slash the orc wizard!
You kill the orc wizard!
You have reached level 4!
You feel stronger.
You die...

.# .. .. .# .# .#
############.#
........@)ooo# ..#
.##########o(######..##
###...(o...#.........
#.........o.........
#...###o####......... #
#(......####..#
##.####..# ##..#
.o.....<.# #...##
.o.####..####...## #


You could see an orc priest and 3 orcs.

Vanquished Creatures
  An orc wizard (D:3)
  2 adders
  A worm (D:2)
  4 leopard geckos
  An orc (D:3)
  2 bats
  5 goblins
  3 hobgoblins
  4 jackals (D:1)
  2 frilled lizards (D:3)
  6 kobolds
  9 rats
40 creatures vanquished.

Notes
Turn   | Place    | Note
-------+----------+-------------------------------------------
     0 | D:1      | Felrender the Demonspawn Gladiator began the quest for the
                  | Orb.
     0 | D:1      | Reached XP level 1. HP: 16/16 MP: 1/1
   349 | D:1      | Gained mutation: You have large cloven feet. [demonic
                  | ancestry]
   349 | D:1      | Reached XP level 2. HP: 22/22 MP: 2/2
  1117 | D:1      | Upgraded the game from 0.22.0-49-gab54619 to
                  | 0.22.0-60-ga52c2fc
  1377 | D:2      | Reached XP level 3. HP: 20/27 MP: 3/3
  2008 | D:3      | Reached skill level 1 in Armour
  2050 | D:3      | Gained mutation: You expend magic power (3 MP) to
                  | strengthen your wands. [potion of mutation]
  2050 | D:3      | Gained mutation: Your muscles are strong. (Str +2) [potion
                  | of mutation]
  2050 | D:3      | Gained mutation: You possess an exceptional clarity of
                  | mind. [potion of mutation]
  2058 | D:3      | HP: 1/28 [poisoned by an orc wizard]
  2059 | D:3      | Reached XP level 4. HP: 2/34 MP: 4/4
  2059 | D:3      | Succumbed to an orc wizard's poison

Skill      XL: |  1  2  3 |
---------------+----------+-----
Axes           | 3 |  3.8
Throwing       | 2 |  2.0
Dodging        | 3 |  3.0
Armour         | 1 |  1.1
Fighting       | |  2.6

Action                   |  1- 3 |  4- 6 || total
-------------------------+-------+-------++-------
Melee: War axe           |   127 |       ||   127
       Kick              |    26 |       ||    26
  Use: Scroll            |     9 |       ||     9
       Potion            |     2 |       ||     2
  Eat: Ration            |     1 |       ||     1
Armor: Ring mail         |     6 |       ||     6
       Scale mail        |    63 |       ||    63
Dodge: Dodged            |    89 |       ||    89
